 Dungeon Crawl Stone Soup version 0.20-a0-1026-gc3ddcbd (webtiles) character file.

336 Ordine the Slasher (level 6, -1/37 HPs)
             Began as a Tengu Fighter on Apr 20, 2017.
             Killed from afar by an orc wizard (2 damage)
             ... with a magic dart
             ... on level 3 of the Dungeon.
             The game lasted 00:05:45 (2591 turns).

Ordine the Slasher (Tengu Fighter)                  Turns: 2591, Time: 00:05:46

Health: -1/37      AC:  6    Str: 18    XL:     6   Next: 54%
Magic:  7/7        EV:  7    Int:  8    God:
Gold:   88         SH:  9    Dex: 14    Spells: 5/5 levels left

rFire    . . .     SeeInvis +   a - +0 long sword
rCold    . . .     Gourm    .   c - +0 shield
rNeg     . . .     Faith    .   b - +0 scale mail
rPois    .         Spirit   .   (helmet restricted)
rElec    .         Reflect  .   (no cloak)
rCorr    .         Harm     .   (no gloves)
MR       .....                  (boots unavailable)
Stlth    ..........             (no amulet)
Regen    0.2/turn               k - ring of see invisible
MPRegen  0.1/turn               (no ring)

@: slowed, very slow
A: beak, talons 3, able to fly 1
a: Fly


You were on level 3 of the Dungeon.
You were hungry.

You visited 1 branch of the dungeon, and saw 3 of its levels.

You collected 88 gold pieces.

Inventory:

Hand Weapons
 a - a +0 long sword (weapon)
Armour
 b - a +0 scale mail (worn)
 c - a +0 shield (worn)
Jewellery
 k - a ring of see invisible (left hand)
Scrolls
 e - a scroll of identify
 g - a scroll of amnesia {unknown}
 h - a scroll of enchant armour {unknown}
Potions
 d - a potion of curing
 n - a potion of brilliance {unknown}
 q - a potion of ambrosia {unknown}
Books
 p - a book of Cantrips

   Spells                             Type                      Level
   a - Confusing Touch                Hexes                        1
   b - Animate Skeleton               Necromancy                   1
   c - Summon Small Mammal            Summoning                    1
   d - Apportation                    Translocation                1
Comestibles
 f - 2 bread rations
 l - a royal jelly
 m - 7 chunks of flesh
 o - a meat ration


   Skills:
 - Level 3.0 Fighting
 + Level 7.4 Long Blades
 - Level 3.2 Armour
 - Level 3.0 Shields


You had 5 spell levels left.
You didn't know any spells.

Dungeon Overview and Level Annotations

Branches:
Dungeon (3/15)

Altars:
Ashenzari
Elyvilon
Wu Jian


Innate Abilities, Weirdness & Mutations

You have a beak for a mouth.
You have claws for feet.
You can fly.


Message History

You closely miss the orc.
The orc wizard points at you and mumbles some strange words.
The puff of flame hits you!
* * * LOW HITPOINT WARNING * * *
The orc priest looks satisfied for a moment.
The kobold hits you but does no damage.
Unknown command.
Unknown command.
Unknown command.
The orc wizard gestures wildly while chanting.
The orc wizard blinks!
The orc wizard hits you but does no damage.
The orc barely misses you. You block the orc wizard's attack.
Unknown command.
Your surroundings seem slightly different.
The orc wizard hits you with a dagger.
* * * LOW HITPOINT WARNING * * *
The orc wizard casts a spell at you. The magic dart hits you!
You die...

...#.....# ...#.....# #+
...#.....# ...
...#.....# ....
...#.....# #######....
######...#####..........
##....ยง.(.K.......>
#....8..oo......#
#...8.8.o(@.....#
#..8._.8o.o.....#
#...8.8.........#
##...8.......####
#...........#
####........# #........#
#........# #........#


You could see an orc priest, 2 orc wizards, 2 orcs and a kobold.

Vanquished Creatures
  Sigmund (D:2)
  Natasha (thrice) (D:2)
  3 gnolls (D:2)
  2 adders (D:2)
  An adder skeleton (D:3)
  2 dart slugs
  A leopard gecko (D:2)
  4 giant cockroaches
  4 goblins
  5 hobgoblins
  2 jackals (D:1)
  5 bats
  2 frilled lizards
  9 kobolds
  9 rats
53 creatures vanquished.

Notes
Turn   | Place    | Note
-------+----------+-------------------------------------------
     0 | D:1      | Ordine the Tengu Fighter began the quest for the Orb.
     0 | D:1      | Reached XP level 1. HP: 14/14 MP: 2/2
   485 | D:1      | Reached XP level 2. HP: 15/19 MP: 3/3
   492 | D:1      | Reached skill level 3 in Long Blades
  1209 | D:1      | Reached XP level 3. HP: 23/23 MP: 4/4
  1434 | D:2      | Noticed Sigmund
  1439 | D:2      | Killed Sigmund
  1439 | D:2      | Reached skill level 6 in Long Blades
  1439 | D:2      | Reached XP level 4. HP: 18/28 MP: 5/5
  1439 | D:2      | Gained mutation: You can fly. [Tengu growth]
  1439 | D:2      | Reached XP level 5. HP: 21/32 MP: 6/6
  1615 | D:2      | Found a shattered altar of Ashenzari.
  1662 | D:2      | HP: 1/32 [gnoll/club (3)]
  1665 | D:2      | Reached XP level 6. HP: 1/37 MP: 7/7
  1994 | D:2      | Noticed Natasha
  2007 | D:2      | Killed Natasha
  2015 | D:2      | Noticed Natasha
  2021 | D:2      | Killed Natasha
  2021 | D:2      | Reached skill level 7 in Long Blades
  2279 | D:2      | Noticed Natasha
  2283 | D:2      | Killed Natasha
  2325 | D:2      | Found a white marble altar of Elyvilon.
  2519 | D:3      | Found an ornate altar of the Wu Jian Council.
  2562 | D:3      | Found a faded altar of an unknown god.
  2591 | D:3      | HP: 1/37 [orc wizard/dagger (3)]
  2591 | D:3      | Killed from afar by an orc wizard

Vault maps used:
D:1:      dpeg_arrival_rhombi, serial_glass, glass_columns_a, glass_columns_a
D:2:      ashenzari_conservatory_becter, old_standard_altar, first_bread,
          uniq_natasha, uniq_sigmund
D:3:      grunt_temple_overflow_gold_and_silver, overflow_temple_1_default,
          chequers_ecumenical_altar_simple_redux, roderic_serpentine_path,
          goddamned_bats, uniq_robin

Skill      XL: |  1  2  3  4  5  6 |
---------------+-------------------+-----
Long Blades    | 3 6 7 |  7.4
Fighting       | |  3.0
Armour         | |  3.2
Shields        | |  3.0

Action                   |  1- 3 |  4- 6 || total
-------------------------+-------+-------++-------
Melee: Long sword        |    71 |    98 ||   169
       Kick              |    20 |    36 ||    56
       Peck              |    10 |    18 ||    28
  Use: Scroll            |     5 |     1 ||     6
       Potion            |     1 |     2 ||     3
  Eat: Chunk             |     2 |     3 ||     5
Armor: Scale mail        |    25 |    40 ||    65
Dodge: Dodged            |    24 |    27 ||    51
Block: Shield            |    39 |    50 ||    89
       Rpst.: Long sword |     4 |     8 ||    12
